 Dungeon Crawl Stone Soup version 0.27.1-2-g3b301248ec (webtiles) character file.

Game seed: 15739183881056934753

1564 jlumianski the Chopper (level 8, -3/73 HPs)
             Began as a Deep Dwarf Fighter on Oct 4, 2021.
             Was a Follower of Makhleb.
             Slain by an ogre (22 damage)
             ... on level 7 of the Dungeon.
             The game lasted 00:20:21 (5066 turns).

jlumianski the Chopper (Deep Dwarf Fighter)         Turns: 5066, Time: 00:20:21

Health: -3/73      AC:  7    Str: 23    XL:     8   Next: 58%
Magic:  7/7        EV: 10    Int:  8    God:    Makhleb [*.....]
Gold:   172        SH: 11    Dex: 12    Spells: 7/7 levels left

rFire    + . .     SeeInvis +   a - +0 war axe
rCold    . . .     Faith    .   c - +0 kite shield
rNeg     . . .     Spirit   .   F - +3 leather armour {rF+}
rPois    .         Reflect  .   t - +1 hat
rElec    .         Harm     .   (no cloak)
rCorr    .         Rampage  .   (no gloves)
Will     ++...                  (no boots)
Stlth    +.........             (no amulet)
HPRegen  0.00/turn              x - ring of willpower
MPRegen  0.10/turn              I - ring of see invisible

@: no status effects
A: damage resistance, heal wounds, sense surroundings 1, no regeneration
a: Heal Wounds, Renounce Religion


You were on level 7 of the Dungeon.
You worshipped Makhleb.
Makhleb was aware of your devotion.
You visited 2 branches of the dungeon, and saw 8 of its levels.

You collected 172 gold pieces.

Inventory:

Hand Weapons
 a - a +0 war axe (weapon)
 k - a +0 arbalest
 p - a +2 mace of holy wrath
 B - a +3 falchion
 E - a +3 flail of protection
Missiles
 h - 34 sling bullets
 i - 16 bolts
 j - 153 stones
 m - 17 poisoned darts (quivered)
 q - 13 boomerangs
 u - 3 throwing nets
Armour
 b - a +0 scale mail
 c - a +0 kite shield (worn)
 t - a +1 hat (worn)
 F - a +3 leather armour of fire resistance (worn)
 K - a +0 buckler
Magical Staves
 J - a staff of earth
Jewellery
 l - a ring of ice
 x - a ring of willpower (left hand)
 I - a ring of see invisible (right hand)
Wands
 v - a wand of flame (31)
 w - a wand of acid (4)
 G - a wand of iceblast (6)
Scrolls
 e - a scroll of immolation {unknown}
 f - 2 scrolls of teleportation {unknown}
 n - 5 scrolls of identify {unknown}
 o - a scroll of blinking {unknown}
 s - a scroll of noise {unknown}
 y - a scroll of amnesia {unknown}
 z - a scroll of enchant weapon {unknown}
 H - a scroll of torment {unknown}
Potions
 d - a potion of might
 g - 2 potions of haste {unknown}
 r - a potion of brilliance
 A - 2 potions of curing {unknown}
 C - a potion of attraction {unknown}
 D - a potion of resistance


   Skills:
 + Level 4.5 Fighting
 + Level 7.0 Axes
 + Level 1.7 Throwing
 + Level 6.1 Armour
 + Level 2.4 Dodging
 + Level 0.1 Stealth
 + Level 6.7 Shields
 + Level 0.3 Evocations


You had 7 spell levels left.
You didn't know any spells.
Your spell library contained the following spells:

 Spells                   Type           Power      Damage    Failure   Level
 Animate Skeleton         Necr           0%         N/A       82%         1
 Apportation              Tloc           0%         N/A       82%         1
 Corona                   Hex            0%         N/A       82%         1
 Magic Dart               Conj           0%         1d3       82%         1
 Pain                     Necr           0%         1d4       82%         1
 Summon Small Mammal      Summ           0%         N/A       82%         1
 Call Imp                 Summ           0%         N/A       91%         2
 Mephitic Cloud           Conj/Pois/Air  0%         N/A       99%         3
 Vampiric Draining        Necr           0%         2d6       99%         3


Dungeon Overview and Level Annotations

Branches:
Dungeon (7/15)             Temple (1/1) D:6

Altars:
Cheibriados
Dithmenos
Elyvilon
Fedhas
Gozag
Makhleb
Nemelex Xobeh
Okawaru
Ru
Sif Muna
Trog
Wu Jian
Xom
Yredelemnul
Zin
The Shining One

Annotations:
D:3 3 runed translucent doors, Sylveadiff's ghost, weakling DsFi; barney's ghost, amateur DsVM; nxtlvl's ghost, weakling DrBe; r3algood3's ghost, weakling DrCj


Innate Abilities, Weirdness & Mutations

You are resistant to damage.
You can heal yourself by infusing magical energy.
You passively map a small area around you.
You do not regenerate.


Message History

There is an open door here.
You open the door.
You see here a +0 leather armour.
There is a large open door here.
There is a large open door here.
Done exploring.
Done exploring.
There is a stone staircase leading down here.
You climb downwards.
Found 26 gold pieces and a book of the Tundra.
There is a stone staircase leading up here.
Throw: 13 boomerangs
Press: ? - help, Q - select action, (/) - cycle Shift-Dir - straight line, f - ogre
Aim: an ogre, wielding a +0 giant club (asleep, 98% to hit)
You throw a boomerang. The boomerang hits the ogre.
The ogre shouts!
The ogre is lightly wounded.
Throw: 19 darts (poison)
Press: ? - help, Q - select action, (/) - cycle Shift-Dir - straight line, f/p - ogre
Aim: an ogre, wielding a +0 giant club (lightly wounded, 74% to hit)
You throw a poisoned dart. The poisoned dart hits the ogre.
The ogre is poisoned.
The ogre is lightly wounded.
Throw: 18 darts (poison)
Press: ? - help, Q - select action, (/) - cycle Shift-Dir - straight line, f/p - ogre
Aim: an ogre, wielding a +0 giant club (lightly wounded, poisoned, 74% to hit)
You throw a poisoned dart. The poisoned dart hits the ogre.
The ogre looks even sicker.
The ogre is lightly wounded.
You barely miss the ogre.
The ogre is moderately wounded.
You block the ogre's attack.
You slash the ogre!
The ogre is heavily wounded.
The ogre hits you with a +0 giant club.
* * * LOW HITPOINT WARNING * * *
You slash the ogre!
The ogre is almost dead.
The ogre hits you with a +0 giant club!!
You die...

* * ,*
##...## ,
##.....## *
,
##.......##
*
#.........#
,,
+...$.....+
,
#...$:(...#*
* *
#...(...# *
, #@O...# *
* ##...##
#+## * * * *
, * , , , ,
, , , , , *
* * * * , ,
,


You could see an ogre (very poisoned).

Vanquished Creatures
  Edmund (D:6)
  2 sky beasts (D:6)
  An ice beast (D:5)
  A black bear (D:6)
  2 necrophages
  A centaur (D:5)
  2 scorpions
  A bullfrog zombie (D:5)
  2 hounds
  A jelly (D:4)
  3 crimson imps
  2 gnoll shamans (D:5)
  2 bullfrog skeletons
  3 iguanas
  3 orc wizards
  A hound skeleton (D:5)
  6 gnolls
  5 adders
  3 shadow imps (D:6)
  2 white imps
  An ufetubus (D:5)
  2 worms (D:2)
  10 orcs
  4 endoplasms
  3 giant cockroaches
  7 goblins
  3 hobgoblins (D:1)
  A quokka (D:1)
  7 ball pythons
  4 bats
  A frilled lizard (D:2)
  4 kobolds
  A rat (D:2)
92 creatures vanquished.

Vanquished Creatures (others)
  2 withered plants (D:3)
2 creatures vanquished.

Grand Total: 94 creatures vanquished

Notes
Turn   | Place    | Note
-------+----------+-------------------------------------------
     0 | D:1      | jlumianski the Deep Dwarf Fighter began the quest for the
                  | Orb.
     0 | D:1      | Reached XP level 1. HP: 20/20 MP: 1/1
   316 | D:1      | Reached XP level 2. HP: 20/27 MP: 2/2
   754 | D:2      | Found a faded altar of an unknown god.
   936 | D:2      | Reached XP level 3. HP: 18/33 MP: 3/3
  1994 | D:4      | Reached XP level 4. HP: 31/42 MP: 3/3
  2242 | D:3      | Found a runed translucent gate.
  2243 | D:3      | Found a runed translucent gate.
  2244 | D:3      | Found a runed translucent gate.
  2245 | D:3      | Noticed nxtlvl's ghost (weakling DrBe)
  2245 | D:3      | Noticed barney's ghost (amateur DsVM)
  2246 | D:3      | Noticed Sylveadiff's ghost (weakling DsFi)
  2246 | D:3      | Noticed r3algood3's ghost (weakling DrCj)
  2534 | D:4      | Reached skill level 3 in Axes
  2650 | D:4      | Reached XP level 5. HP: 30/49 MP: 4/4
  2939 | D:4      | Noticed a necrophage
  2958 | D:4      | Killed a necrophage
  2959 | D:4      | Reached skill level 1 in Dodging
  3020 | D:4      | Reached skill level 4 in Axes
  3020 | D:4      | Reached XP level 6. HP: 26/56 MP: 5/5
  3082 | D:4      | Found a shimmering altar of Xom.
  3112 | D:3      | Reached skill level 1 in Throwing
  3132 | D:3      | Reached skill level 5 in Shields
  3301 | D:5      | Entered Level 5 of the Dungeon
  3347 | D:6      | Found a staircase to the Ecumenical Temple.
  3360 | Temple   | Entered the Ecumenical Temple
  3410 | Temple   | Became a worshipper of Makhleb the Destroyer
  3589 | D:5      | Reached skill level 5 in Armour
  3589 | D:5      | Reached XP level 7. HP: 39/61 MP: 6/6
  3620 | D:5      | Reached skill level 5 in Axes
  3916 | D:5      | Reached skill level 6 in Axes
  4134 | D:5      | Found a glowing silver altar of Zin.
  4265 | D:5      | Reached XP level 8. HP: 19/72 MP: 7/7
  4378 | D:6      | Reached * piety under Makhleb
  4603 | D:6      | Noticed Edmund
  4630 | D:6      | Killed Edmund
  4860 | D:6      | Reached skill level 7 in Axes
  5066 | D:7      | Slain by an ogre

Illustrated notes

Levels and vault maps discovered:
D:1:      dpeg_arrival_pits, layout_basic
D:2:      layout_basic, hellmonk_ecumenical_altar_crossroads, bh_walls_and_bars
D:3:      layout_rooms, gammafunk_ghost_cemetery
D:4:      layout_loops_corners, led_xom_imps
D:5:      layout_loops_ring, zin_treasury
D:6:      layout_basic, minmay_temple_entry_waves, minmay_tree_intersection,
          minmay_misc_feat_doors, st_stairs_4, uniq_edmund
D:7:      layout_loops_corners, uniq_harold, uniq_crazy_yiuf_cottage,
          uniq_menkaure
Temple:   jpeg_temple_clearing

Skill      XL: |  1  2  3  4  5  6  7  8 |
---------------+-------------------------+-----
Fighting       | 3 4 |  4.5
Shields        | 4 5 6 |  6.7
Armour         | 4 5 6 |  6.1
Axes           | 3 4 6 7 |  7.0
Dodging        | 1 2 |  2.4
Throwing       | 1 |  1.7
Stealth        | |  0.1
Evocations     | |  0.3

Action                   |  1- 3 |  4- 6 |  7- 9 || total
-------------------------+-------+-------+-------++-------
Melee: War axe           |    98 |   145 |   161 ||   404
Throw: Dart              |     7 |     5 |    18 ||    30
       Boomerang         |       |       |     4 ||     4
 Abil: Heal Wounds       |     1 |     6 |     6 ||    13
Evoke: Wand              |       |       |     1 ||     1
  Use: Potion            |       |       |     2 ||     2
Armor: Scale mail        |    50 |    76 |    60 ||   186
       Leather armour    |       |       |     9 ||     9
Dodge: Dodged            |    38 |    49 |    64 ||   151
Block: Kite shield       |    65 |    84 |   102 ||   251
